 Dungeon Crawl Stone Soup version 0.29-a0-474-gdfe5cd140f (webtiles) character file.

Game seed: 3391739362310747551

5 spiderkeys the Skirmisher (level 1, -1/24 HPs)
             Began as an Ogre Abyssal Knight on May 23, 2022.
             Was a Believer of Lugonu.
             Slain by a hobgoblin (3 damage)
             ... on level 1 of the Dungeon.
             The game lasted 00:00:23 (216 turns).

spiderkeys the Skirmisher (Ogre Abyssal Knight)      Turns: 216, Time: 00:00:23

Health: -1/24      AC:  3    Str: 16    XL:     1   Next: 80%
Magic:  2/2        EV: 10    Int: 11    God:    Lugonu [**....]
Gold:   15         SH:  0    Dex:  9    Spells: 0/0 levels left

rFire   . . .      SeeInvis .   a - +1 mace
rCold   . . .      Faith    .   (no shield)
rNeg    . . .      Spirit   .   b - +0 robe
rPois   +          Reflect  .   (helmet restricted)
rElec   .          Harm     .   (no cloak)
rCorr   .          Rampage  .   (gloves unavailable)
Will    .....                   (boots unavailable)
Stlth   +.........              (no amulet)
HPRegen 0.08/turn               P - ring of poison resistance
MPRegen 0.08/turn               (no ring)

@: no status effects
A: large, unfitting armour, tough skin 1
a: Renounce Religion, Depart the Abyss, Bend Space


You were on level 1 of the Dungeon.
You worshipped Lugonu.
Lugonu was pleased with you.
You visited 1 branch of the dungeon, and saw 1 of its levels.
You visited the Abyss 1 time.

You collected 15 gold pieces.


Innate Abilities, Weirdness & Mutations

You are too large for most types of armour.
You have tough skin. (AC +1)


   Skills:
 + Level 4.1 Fighting
 + Level 1.9 Maces & Flails
 + Level 2.2 Dodging
 + Level 2.1 Invocations


You couldn't memorise any spells.
You didn't know any spells.
Your spell library was empty.

Inventory:

Hand Weapons
 a - a +1 mace (weapon)
Missiles
 d - 24 stones
Armour
 b - a +0 robe (worn)
Jewellery
 P - a ring of poison resistance (left hand)
   (You found it on level 1 of the Dungeon)
Scrolls
 c - a scroll of identify {unknown}

Dungeon Overview and Level Annotations

Branches:
Dungeon (1/15)

Altars:

#....##### #........#
#........# #........#
#........#
#..).....##..
#...gr.......
###+#@...#
#.....###########
#..........#.....
#..........#.....
###.##..........
####.#####.....
#........#...# #. ..
#........#...###...###.
#...>............. ....


You could see a quokka and a hobgoblin.


Message History

You miss the bat. The bat barely misses you.
The bat hits you but does no damage.
You miss the bat. The bat hits you. 😕 HP[-1]
You take 1 damage, and now have 22/24 hp.
A bat is nearby!
A bat is nearby!
The bat closely misses you. The bat hits you. 😕 HP[-1]
You take 1 damage, and now have 21/24 hp.
A rat comes into view.
The bat hits you but does no damage. The bat barely misses you. 😕 HP[+1]
You closely miss the bat. The bat closely misses you.
You barely miss the bat. The bat hits you but does no damage.
You hit the bat.
You kill the bat!
Lugonu accepts your kill. The rat barely misses you.
You barely miss the rat. The rat barely misses you.
You sock the rat!
You kill the rat!
Lugonu accepts your kill.
No target in view!
No target in view!
c - a scroll labelled CIAM OCHOCOSU 😎 HP[+2]
Your hp is fully restored (24).
You now have 15 gold pieces.
Found an escape hatch in the floor.
You open the door.
There is an open door here.
You open the door.
There is an open door here.
As you open the door, it creaks loudly!
A bat comes into view.
The bat closely misses you.
A bat is nearby!
You sock the bat!
You kill the bat!
Lugonu accepts your kill.
No target in view!
No target in view!
No target in view!
There is an open door, spattered with blood here.
You see here a bat corpse.
Found a stone staircase leading down.
d - 24 stones
There is a stone staircase leading down here.
Key pressed, stopping explore.
A hobgoblin and a quokka come into view.
The hobgoblin shouts!
The quokka twitches its whiskers.
You barely miss the hobgoblin. The quokka bites you.
The hobgoblin closely misses you. The quokka bites you. 😮 HP[-7]
You take 7 damage, and now have 17/24 hp.
MASSIVE DAMAGE!! (PAUSE)
You barely miss the hobgoblin.
The hobgoblin hits you but does no damage.
The quokka bites you. 😮 HP[-1]
You take 1 damage, and now have 16/24 hp.
You completely miss the hobgoblin. The quokka barely misses you.
The hobgoblin closely misses you. The quokka closely misses you.
The hobgoblin closely misses you. 😮 HP[+1]
You barely miss the hobgoblin. The quokka bites you.
The hobgoblin hits you. 😮 HP[-4]
You take 4 damage, and now have 13/24 hp.
You barely miss the hobgoblin. The quokka barely misses you.
The hobgoblin hits you but does no damage.
The quokka barely misses you.
You hit the hobgoblin but do no damage. The hobgoblin closely misses you.
The quokka bites you but does no damage.
You hit the hobgoblin.
The quokka bites you but does no damage.
The hobgoblin hits you.
* * * LOW HITPOINT WARNING * * *
The quokka barely misses you.
The hobgoblin closely misses you. 😨 HP[-2]
You take 2 damage, and now have 11/24 hp.
You closely miss the hobgoblin. The quokka barely misses you.
The hobgoblin closely misses you. The quokka bites you.
* * * LOW HITPOINT WARNING * * *
😨 HP[-3]
You take 3 damage, and now have 8/24 hp.
You closely miss the hobgoblin. The hobgoblin completely misses you.
The quokka closely misses you.
You closely miss the hobgoblin. The hobgoblin closely misses you.
The quokka bites you.
* * * LOW HITPOINT WARNING * * *
The quokka barely misses you. The hobgoblin misses you. 😱 HP[-2]
You take 2 damage, and now have 6/24 hp.
You barely miss the hobgoblin. The quokka bites you.
* * * LOW HITPOINT WARNING * * *
The hobgoblin hits you.
You die...

Action                   || total
-------------------------++-------
Melee: Mace              ||    23
Armor: Robe              ||     8
Dodge: Dodged            ||    25

Levels and vault maps discovered:
D:1:      minmay_arrival_stair_chambers, layout_basic,
          dreamdust_ecumenical_altar_statues

Notes
Turn   | Place    | Note
-------+----------+-------------------------------------------
     0 | Abyss:1  | spiderkeys the Ogre Abyssal Knight began the quest for the
                  | Orb.
     0 | Abyss:1  | Reached XP level 1. HP: 24/24 MP: 2/2
     0 | Abyss:1  | magus.rc [v1.11.3]
    32 | D:1      | You pass through the gate.
    32 | D:1      | Escaped the Abyss
   215 | D:1      | HP: 6/24 [quokka (2)]
   216 | D:1      | HP: 2/24 [quokka (4)]
   216 | D:1      | Slain by a hobgoblin

Vanquished Creatures
  A dart slug (D:1)
  2 bats (D:1)
  A rat (D:1)
4 creatures vanquished.

Table legend:
 A = Non-vault XP
 B = Vault XP
 C = Vault XP percentage of total XP
 D = Non-vault monster count
 E = Vault monster count
 F = Vault count percentage of total count
                 A         B        C        D         E       F
            +---------+---------+-------+---------+---------+-------
      Total |       8 |       0 |   0.0 |       4 |       0 |   0.0
            +---------+---------+-------+---------+---------+-------
        D:1 |       8 |       0 |   0.0 |       4 |       0 |   0.0
            +---------+---------+-------+---------+---------+-------

Illustrated notes

Table legend:
 A = Kills in this place as a percentage of kills in entire the game.
 B = Kills by you in this place as a percentage of kills by you in the entire game.
 C = Kills by friends in this place as a percentage of kills by friends in the entire game.
 D = Other kills in this place as a percentage of other kills in the entire game.
 E = Experience gained in this place as a percentage of experience gained in the entire game.
 F = Experience gained in this place divided by the number of levels of this place that you have seen.
                   A       B       C       D       E      F
               +-------+-------+-------+-------+-------+----------------------
         Total | 100.0 | 100.0 |   N/A |   N/A | 100.0 |   4.0
       Dungeon | 100.0 | 100.0 |   N/A |   N/A | 100.0 |   8.0
               +-------+-------+-------+-------+-------+----------------------

Table legend: (Time is in decaauts)
 A = Elapsed time spent in this place.
 B = Non-inter-level travel time spent in this place.
 C = Inter-level travel time spent in this place.
 D = Time resting spent in this place.
 E = Time spent auto-exploring this place.
 F = Levels seen in this place.
 G = Mean time per level.
                   A        B        C        D        E       F      G
               +--------+--------+--------+--------+--------+-----+--------+
         Total |    221 |    221 |      0 |      0 |    163 |   2 |  110.5 |
       Dungeon |    189 |    189 |      0 |      0 |    135 |   1 |  189.0 |
         Abyss |     32 |     32 |      0 |      0 |     28 |   1 |   32.0 |
               +--------+--------+--------+--------+--------+-----+--------+

Top non-repeatable levels by time:
     D:1: 189 daAuts
 Abyss:1: 32 daAuts
